 Dungeon Crawl Stone Soup version 0.31-a0-460-g9e667d4245 (webtiles) character file.

Game seed: 9039386812727834808

2235 MisterAzrael the Ruffian (level 9, -5/62 HPs)
             Began as an Octopode Shapeshifter on Aug 4, 2023.
             Was a Priest of Jiyva.
             Slain by a killer bee (6 damage)
             ... on level 7 of the Dungeon.
             The game lasted 00:07:11 (4694 turns).

MisterAzrael the Ruffian (Octopode Shapeshifter)    Turns: 4694, Time: 00:07:11

Health: -5/62      AC:  1    Str: 17    XL:     9   Next: 36%
Magic:  11/11      EV: 14    Int: 12    God:    Jiyva [***...]
Gold:   181        SH:  0    Dex: 12    Spells: 11/11 levels left

rFire   + .          .
                       - Unarmed
rCold   x . .        (no shield)
rNeg    . . .        (helmet currently unavailable)
rPois   .            (no amulet)
rElec   .            e - ring of flight
rCorr   +            p - ring of fire
SInv    .            (no ring)
Will    .....        (no ring)
Stlth   ++++         (no ring)
HPRegen 1.42/turn    (no ring)
MPRegen 0.47/turn    (no ring)
                     (no ring)

%: clarity
@: lethally poisoned (-5 -> -12), beast-form, flying
A: beast (slay +3), almost no armour, amphibious, 8 rings, camouflage 1,
gelatinous body 1, (nimble swimmer 1), tentacles, clarity, mutation resistance
1, MP-powered wands, engulf
a: Begin Untransformation, Renounce Religion, Oozemancy


You were on level 7 of the Dungeon.
You worshipped Jiyva.
Jiyva was most pleased with you.
You were a hulking beast.
You visited 1 branch of the dungeon, and saw 7 of its levels.

You collected 181 gold pieces.

Inventory:

Missiles
 m - 7 curare-tipped darts
 o - 8 boomerangs
Jewellery
 e - a ring of flight (left tentacle)
 p - a ring of fire (right tentacle)
Talismans
 b - a beast talisman (active)
Scrolls
 a - a scroll of enchant armour {unknown}
 c - a scroll of blinking {unknown}
 d - 2 scrolls of identify {unknown}
 h - 2 scrolls of enchant weapon {unknown}
 i - a scroll of silence
 l - a scroll of noise {unknown}
 n - 4 scrolls of vulnerability {unknown}
Potions
 g - 2 potions of enlightenment {unknown}
 j - a potion of heal wounds {unknown}
 k - a potion of magic {unknown}
 q - a potion of berserk rage {unknown}


   Skills:
 * Level 6.0 Fighting
 + Level 3.5 Throwing
 + Level 4.6 Dodging
 + Level 5.9 Stealth
 * Level 6.7 Unarmed Combat
 + Level 1.8 Spellcasting
 + Level 4.5 Shapeshifting


You had 11 spell levels left.
You didn't know any spells.
Your spell library contained the following spells:

 Spells                   Type           Power      Damage    Failure   Level
 Magic Dart               Conj           4%         1d3       28%         1
 Call Imp                 Summ           2%         N/A       38%         2
 Scorch                   Fire           2%         2d5       38%         2
 Searing Ray              Conj           2%         2d4       38%         2
 Mephitic Cloud           Conj/Pois/Air  1%         N/A       63%         3
 Flame Wave               Conj/Fire      1%         2d4       95%         4
 Fulminant Prism          Conj/Hex       0%         3d5       95%         4
 Olgreb's Toxic Radiance  Pois           1%         N/A       95%         4
 Summon Cactus Giant      Summ           0%         N/A       100%        6
 Discord                  Hex            0%         N/A       100%        8
 Ignition                 Fire           0%         3d3       100%        8


Dungeon Overview and Level Annotations

Branches:
Dungeon (7/15)             Temple (0/1) D:7

Altars:
Hepliaklqana
Nemelex Xobeh
Jiyva

Shops:
D:1 *   D:2 :   D:6 (

Annotations:
D:4 1 runed translucent door, jlumianski's ghost, amateur DjFE


Innate Abilities, Weirdness & Mutations

You are a hulking beast.
Your limbs bulge with bestial killing power. (Slay +3)
You cannot wear most types of armour.
You are amphibious.
You can wear up to eight rings at the same time.
Your skin changes colour to match your surroundings (Stealth+).
Your rubbery body absorbs attacks. (AC +1, EV +1)
((You are camouflaged when in or above water. (Stealth+)))
You have tentacles for arms and can constrict up to eight enemies at once.
You possess an exceptional clarity of mind.
You are somewhat resistant to further mutation.
You expend magic power (3 MP) to strengthen your wands.
Your melee attacks may engulf your foes in ooze.


Message History

The killer bee closely misses you. x2; The killer bee completely misses you.
The killer bee barely misses you. The killer bee misses you.
You feel better. The killer bee barely misses you.
The killer bee stings you. x2
You are poisoned.
The killer bee poisons you! The killer bee misses you.
The killer bee barely misses you. The killer bee closely misses you. x3
You barely miss the killer bee. Your grab misses the killer bee.
Your tentacle-slap misses the killer bee.
You squeeze the killer bee.
The killer bee is almost dead.
You feel sick. The killer bee closely misses you. The killer bee stings you.
You are more poisoned.
The killer bee poisons you! The killer bee barely misses you.
The killer bee stings you but does no damage.
The killer bee barely misses you. The killer bee stings you.
You are more poisoned.
The killer bee poisons you! The killer bee barely misses you.
The killer bee misses you.
You tentacle-slap the killer bee but do no damage.
Your grab misses the killer bee. You squeeze the killer bee.
You kill the killer bee!
You feel very sick. The killer bee closely misses you.
The killer bee stings you!
* * * LOW HITPOINT WARNING * * *
The killer bee stings you.
* * * LOW HITPOINT WARNING * * *
You are lethally poisoned!
The killer bee poisons you!
You barely miss the killer bee. Your grab misses the killer bee.
* * * LOW HITPOINT WARNING * * *
You feel very sick. The killer bee barely misses you.
The killer bee stings you but does no damage.
The killer bee completely misses you. The killer bee closely misses you.
The killer bee barely misses you. The killer bee misses you.
You closely miss the killer bee. Your grab misses the killer bee.
* * * LOW HITPOINT WARNING * * *
You feel very sick. The killer bee misses you. The killer bee stings you.
You die...

. .. #### ... #...
.... #...
..<.##############
#...
#.y....#...#..###'##
#Fyh...#...#..#.....
#.y....#...#..#.⌠.⌠.
#......#...#..'..>..
#......'...#..#.⌠.⌠.
#......#..##..#.....
....##+##..#######'##
.....#............#...
.....#.......)....#)..
.... #.......)...))...


You could see a bullfrog and 3 killer bees.

Vanquished Creatures
  Pikel (D:7)
  Sigmund (D:6)
  2 ice beasts
  An ogre (D:5)
  An orc warrior (D:7)
  2 sky beasts
  2 kobold brigands
  2 bullfrogs
  2 scorpions
  2 killer bees (D:7)
  3 howler monkeys (D:7)
  2 orc priests (D:7)
  2 hounds
  A sleepcap (D:5)
  5 iguanas
  3 orc wizards
  Robin (D:3)
  4 adders
  2 shadow imps
  2 white imps
  21 orcs
  6 ball pythons
  5 bats (D:1)
  2 endoplasms (D:1)
  6 goblins
  7 hobgoblins
  3 jackals (D:2)
  15 kobolds
  A quokka (D:4)
  2 frilled lizards
  4 rats
113 creatures vanquished.

Vanquished Creatures (others)
  A black bear (D:5)
  A scorpion (D:5)
  A hound (D:6)
  An orc priest (D:5)
  2 jellies
  Jessica (D:3)
  An adder (D:6)
  A worm (D:5)
  4 orcs
  A ball python (D:4)
  A bat (D:3)
  2 endoplasms
  5 goblins
  A frilled lizard (D:3)
  A rat (D:3)
24 creatures vanquished.

Grand Total: 137 creatures vanquished

Notes
Turn   | Place    | Note
-------+----------+-------------------------------------------
     0 | D:1      | MisterAzrael the Octopode Shapeshifter began the quest for
                  | the Orb.
     0 | D:1      | Reached XP level 1. HP: 13/13 MP: 1/1
    83 | D:1      | Reached XP level 2. HP: 18/18 MP: 2/2
   108 | D:1      | Found Zyix's Assorted Antiques.
   178 | D:1      | Reached skill level 1 in Stealth
   213 | D:1      | Found a faded altar of an unknown god.
   324 | D:1      | Prayed at the altar of an unknown god.
   324 | D:1      | Became a worshipper of Jiyva Jonamam the Shapeless
   324 | D:1      | Reached * piety under Jiyva
   903 | D:2      | Reached ** piety under Jiyva
  1047 | D:2      | Found Isaebburph's Book Boutique.
  1337 | D:3      | Noticed Robin
  1345 | D:2      | Reached XP level 3. HP: 18/24 MP: 3/3
  1578 | D:3      | Killed Jessica
  1681 | D:3      | Killed Robin
  1945 | D:3      | Reached *** piety under Jiyva
  2258 | D:4      | Reached XP level 4. HP: 29/29 MP: 4/4
  2349 | D:4      | Gained mutation: You possess an exceptional clarity of
                  | mind. [Jiyva's grace]
  2349 | D:4      | Gained mutation: Your melee attacks may engulf your foes in
                  | ooze. [Jiyva's grace]
  2349 | D:4      | Gained mutation: You expend magic power (3 MP) to
                  | strengthen your wands. [Jiyva's grace]
  2349 | D:4      | Gained mutation: You are somewhat resistant to further
                  | mutation. [Jiyva's grace]
  2441 | D:4      | Found a runed translucent door.
  2441 | D:4      | Noticed jlumianski's ghost (amateur DjFE)
  2533 | D:4      | Noticed a kobold brigand
  2586 | D:4      | Killed a kobold brigand
  2587 | D:4      | Reached XP level 5. HP: 20/36 MP: 5/5
  2840 | D:5      | Entered Level 5 of the Dungeon
  2863 | D:5      | Reached XP level 6. HP: 38/42 MP: 6/6
  2873 | D:5      | Killed a black bear
  2884 | D:5      | Reached **** piety under Jiyva
  2921 | D:5      | Reached skill level 1 in Throwing
  3065 | D:5      | Found a hazy altar of Hepliaklqana.
  3066 | D:5      | Found a sparkling altar of Nemelex Xobeh.
  3124 | D:5      | Noticed an ice beast
  3132 | D:5      | Killed an ice beast
  3133 | D:5      | Reached XP level 7. HP: 9/47 MP: 7/7
  3712 | D:6      | Reached skill level 5 in Unarmed Combat
  3773 | D:6      | Noticed Sigmund
  3793 | D:6      | Killed Sigmund
  3794 | D:6      | Reached XP level 8. HP: 45/54 MP: 6/8
  3869 | D:6      | Found Tasmowke's Weapon Boutique.
  3934 | D:6      | Reached skill level 5 in Fighting
  4461 | D:7      | Noticed Pikel
  4471 | D:7      | Killed Pikel
  4472 | D:7      | Reached skill level 5 in Stealth
  4472 | D:7      | Reached skill level 1 in Spellcasting
  4472 | D:7      | Reached XP level 9. HP: 27/62 MP: 8/11
  4557 | D:7      | Found a staircase to the Ecumenical Temple.
  4694 | D:7      | HP: 1/62 [poisoned by a killer bee]
  4694 | D:7      | Slain by a killer bee

Illustrated notes

Levels and vault maps discovered:
D:1:      dpeg_arrival_line_fractal, layout_loops_ring,
          shapermc_ecumenical_altar_hornbeckon, serial_shops,
          nicolae_shop_pleasant_corner_grove
D:2:      layout_basic, serial_shops, nicolae_book_shop_shelving
D:3:      layout_loops_ring, corexii_hall_statues_deadend,
          minmay_misc_feat_pillars, uniq_jessica, uniq_robin
D:4:      cheibrodos_thug_alley, layout_basic, gammafunk_ghost_grave
D:5:      layout_loops_ring, nicolae_overflow_two_pavilions, kennysheep_potato
D:6:      minmay_evil_eye, layout_cave_pools, serial_shops, shop, uniq_sigmund
D:7:      layout_gridville, minmay_temple_entry_hall, serial_shops,
          nicolae_shop_behind_doors, uniq_maggie, uniq_pikel

Skill      XL: |  1  2  3  4  5  6  7  8  9 |
---------------+----------------------------+-----
Stealth        | 1 2 3 4 5 |  5.9
Fighting       | 2 3 4 5 6 |  6.0
Unarmed Combat | 4 5 6 |  6.7
Dodging        | 3 4 |  4.6
Throwing       | 1 2 3 |  3.5
Shapeshifting  | 4 |  4.5
Spellcasting   | 1 |  1.8

Action                     |  1- 3 |  4- 6 |  7- 9 || total
---------------------------+-------+-------+-------++-------
  Melee: Unarmed           |    66 |    57 |    84 ||   207
         Constrict         |    11 |    12 |    23 ||    46
         Tentacles         |     6 |    10 |    23 ||    39
         Punch             |       |     3 |     2 ||     5
 Invoke: Oozemancy         |       |       |     3 ||     3
         Slimify           |       |       |     1 ||     1
    Use: Potion            |     1 |       |     3 ||     4
         Scroll            |       |       |     1 ||     1
   Stab: Sleeping          |     9 |     2 |     3 ||    14
         Distracted        |       |       |     1 ||     1
 Armour: Skin              |    39 |     4 |     8 ||    51
  Dodge: Dodged            |    40 |    27 |    90 ||   157

Table legend: (Time is in decaauts)
 A = Elapsed time spent in this place.
 B = Non-inter-level travel time spent in this place.
 C = Inter-level travel time spent in this place.
 D = Time resting spent in this place.
 E = Time spent auto-exploring this place.
 F = Levels seen in this place.
 G = Mean time per level.
                   A        B        C        D        E       F      G
               +--------+--------+--------+--------+--------+-----+--------+
         Total |   4680 |   4492 |    188 |    306 |   3207 |   7 |  668.6 |
       Dungeon |   4680 |   4492 |    188 |    306 |   3207 |   7 |  668.6 |
               +--------+--------+--------+--------+--------+-----+--------+

Top non-repeatable levels by time:
     D:1: 835 daAuts
     D:5: 830 daAuts
     D:3: 704 daAuts
     D:2: 700 daAuts
     D:6: 700 daAuts
     D:4: 592 daAuts
     D:7: 317 daAuts
